 Dungeon Crawl Stone Soup version 0.17.2-1-ge4368a0 (webtiles) character file.

118 Goblin1989 the Ruffian (level 4, -4/41 HPs)
             Began as a Troll Hunter on Sept 26, 2016.
             Slain by an orc
             ... wielding a +0 hand axe
              (6 damage)
             ... on level 3 of the Dungeon.
             The game lasted 00:07:09 (1332 turns).

Goblin1989 the Ruffian (Troll Hunter)               Turns: 1332, Time: 00:07:09

Health: -4/41      AC:  5    Str: 20    XL:     4   Next: 72%
Magic:  3/3        EV: 10    Int:  7    God:
Gold:   130        SH:  0    Dex: 11    Spells: 0 memorised, 3 levels left

rFire  . . .     SeeInvis .       - Unarmed
rCold  . . .     Clarity  +     b - +0 robe
rNeg   . . .     SustAt   .     (no shield)
rPois  .         Gourm    +     (helmet restricted)
rElec  .         Spirit   .     (no cloak)
rCorr  .         Warding  .     (gloves unavailable)
rMut   .         Stasis   .     (boots unavailable)
MR     .....                    g - amulet of clarity
Stlth  +.........               (no ring)
                                (no ring)

@: not resistant to hostile enchantments, very unstealthy
A: unfitting armour, claws 3, fast metabolism 3, gourmand, regeneration 2,
shaggy fur 1, tough skin 2
a: no special abilities


You were on level 3 of the Dungeon.
You were very full.

You visited 1 branch of the dungeon, and saw 3 of its levels.

You collected 130 gold pieces.

Inventory:

Missiles
 c - 9 large rocks (quivered)
 Z - 2 throwing nets
Armour
 b - a +0 robe (worn)
Jewellery
 g - an amulet of clarity (around neck)
Scrolls
 a - a scroll of fear
Potions
 d - a potion of flight {unknown}
 f - a potion of lignification {!q}
 h - a potion of curing {unknown}
 j - a potion of ambrosia {unknown}
 n - a potion of mutation {unknown}
 t - a potion of invisibility {unknown}
Comestibles
 e - 4 bread rations
 o - 2 fruits
 s - a slice of pizza


   Skills:
 - Level 1.5 Fighting
 - Level 3.6 Throwing
 - Level 1.5 Dodging
 - Level 0.4 Stealth
 + Level 4.4 Unarmed Combat


You had 3 spell levels left.
You didn't know any spells.

Dungeon Overview and Level Annotations

Branches:
Dungeon (3/15)

Altars:


Innate Abilities, Weirdness & Mutations

You are too large for most types of armour.
You have claws for hands.
Your metabolism is lightning-fast.
You like to eat raw meat.
You heal very quickly.
You are covered in fur (AC +1).
You have very tough skin (AC +2).


Message History

The orc hits you with a hand axe! The orc barely misses you.
The jackal bites you. The jackal misses you.
You are too injured to fight recklessly!
You scratch the jackal but do no damage.
The jackal bites you but does no damage.
The jackal closely misses you. The orc hits you with a whip.
* * * LOW HITPOINT WARNING * * *
The orc closely misses you.
You scratch the jackal.
The jackal is heavily wounded.
The jackal bites you but does no damage.
The jackal bites you.
* * * LOW HITPOINT WARNING * * *
The orc barely misses you. x2
The jackal misses you. The jackal bites you.
* * * LOW HITPOINT WARNING * * *
The orc hits you with a whip.
* * * LOW HITPOINT WARNING * * *
The orc hits you with a hand axe.
You die...

.........ਜਜ.ਜਜਜ.ਜ.ਜ
ਜਜਜਜਜਜਜ.......^.(.ਜ
...>ਜ ਜ.ਜਜਜ.......ਜ


ਜਜਜਜਜ ਜ.ਜ ਜਜਜਜਜਜ..ਜ ਜ.ਜ ਜ..ਜ ਜ.ਜ ਜ).ਜ ਜ.ਜਜਜਜਜਜਜਜh)ਜ ਜ.ਜ.......ohਜ ਜਜਜਜਜਜ@oਜ ਜ..ਜ
ਜਜ.ਜ ... .ਜਜਜ . ਜ. You could see 2 orcs and 2 jackals.

Vanquished Creatures
  An orc priest (D:3)
  2 adders
  2 worms (D:2)
  3 giant geckos
  An orc (D:3)
  2 giant cockroaches
  8 goblins
  2 hobgoblins
  8 jackals
  4 kobolds (D:1)
  2 quokkas (D:2)
  5 bats
  A giant newt (D:2)
  22 rats
63 creatures vanquished.

Notes
Turn   | Place    | Note
--------------------------------------------------------------
     0 | D:1      | Goblin1989 the Troll Hunter began the quest for the Orb.
     0 | D:1      | Reached XP level 1. HP: 19/19 MP: 0/0
   140 | D:1      | Reached skill level 1 in Unarmed Combat
   222 | D:1      | Reached XP level 2. HP: 27/27 MP: 1/1
   783 | D:2      | Reached XP level 3. HP: 25/33 MP: 2/2
  1161 | D:2      | Reached XP level 4. HP: 37/41 MP: 3/3
  1323 | D:3      | Reached skill level 4 in Unarmed Combat
  1332 | D:3      | HP: 2/41 [orc/whip (3)]
  1332 | D:3      | Slain by an orc

Action                   |  1- 3 |  4- 6 || total
-------------------------+-------+-------++-------
Melee: Unarmed           |   144 |    20 ||   164
Throw: Large rock        |     2 |       ||     2
  Use: Scroll            |       |     8 ||     8
 Stab: Sleeping          |     1 |       ||     1
  Eat: Chunk             |    14 |     2 ||    16

Vault maps used:
D:1:      dpeg_arrival_short_road, minmay_misc_feat_five, corexii_hall_statues_l
D:2:      minmay_rat_hole
D:3:      first_bread, gup_sewer_entry_bubbles
